 Dungeon Crawl Stone Soup version 0.19.3-4-gbf9329e (webtiles) character file.

651 protoss039 the Chopper (level 7, -4/62 HPs)
             Began as a Minotaur Fighter on Jan 29, 2017.
             Slain by an orc warrior
             ... wielding a +0 scimitar
              (16 damage)
             ... on level 6 of the Dungeon.
             The game lasted 00:10:23 (3834 turns).

protoss039 the Chopper (Minotaur Fighter)           Turns: 3834, Time: 00:10:24

Health: -4/62      AC:  7    Str: 22    XL:     7   Next: 28%
Magic:  6/6        EV:  7    Int:  5    God:
Gold:   191        SH: 10    Dex: 10    Spells: 0 memorised, 6 levels left

rFire  . . .     SeeInvis +     a - +1 war axe
rCold  + . .     Gourm    .     b - +0 scale mail
rNeg   . . .     Faith    .     c - +0 shield
rPois  +         Spirit   .     (helmet restricted)
rElec  .         Reflect  .     (no cloak)
rCorr  .         Harm     .     (no gloves)
MR     .....                    (no boots)
Stlth  ..........               (no amulet)
                                (no ring)
                                u - ring "Olaokhoa" {rPois rC+ SInv}

@: no status effects
A: retaliatory headbutt, horns 2
a: no special abilities


You were on level 6 of the Dungeon.
You were not hungry.

You visited 1 branch of the dungeon, and saw 6 of its levels.

You collected 239 gold pieces.
You spent 48 gold pieces at shops.

Inventory:

Hand Weapons
 a - a +1 war axe (weapon)
Armour
 b - a +0 scale mail (worn)
 c - a +0 shield (worn)
Jewellery
 u - the ring "Olaokhoa" (left hand) {rPois rC+ SInv}
   (You found it on level 5 of the Dungeon)

   [ring of protection from cold]

   It protects you from cold.
   It protects you from poison.
   It lets you see invisible.
Scrolls
 e - 3 scrolls of enchant weapon
 h - a scroll of magic mapping {unknown}
 k - a scroll of fog
 l - 3 scrolls of amnesia
 m - 2 scrolls of teleportation {unknown}
 n - 5 scrolls of identify
 r - 5 scrolls of remove curse
 t - a scroll of blinking {unknown}
 x - a scroll of noise {unknown}
Potions
 d - a potion of might
 i - a potion of magic {unknown}
 o - a potion of agility {unknown}
 v - a potion of haste {unknown}
 z - a potion of flight {unknown}
Comestibles
 f - 4 bread rations
 g - 6 meat rations
 j - a royal jelly
 q - 2 fruits
 s - a beef jerky


   Skills:
 * Level 5.9 Fighting
 + Level 6.1 Axes
 + Level 5.7 Armour
 + Level 5.4 Shields


You had 6 spell levels left.
You didn't know any spells.

Dungeon Overview and Level Annotations

Branches:
Dungeon (6/15)
 Temple: D:4-7

Altars:

Shops:
D:5 *


Innate Abilities, Weirdness & Mutations

You reflexively headbutt those who attack you in melee.
You have a pair of horns on your head.


Message History

An orc wizard comes into view. It is wielding a dagger.
The orc wizard shouts!
Found a robe.
An orc priest comes into view. It is wielding a dagger.
The orc priest shouts!
The orc priest casts a cantrip, but nothing happens.
An orc wizard comes into view. It is wielding a dagger.
As you read the scroll labeled FAILERHYEL, it crumbles to dust.
It is a scroll of amnesia.
You feel forgetful for a moment.
The orc wizard shouts!
The orc warrior hits you but does no damage.
Okay, then.
The orc wizard gestures wildly while chanting.
The orc wizard blinks!
The orc priest looks encouraged for a moment.
As you read the scroll labeled ROEJEHU ZO BUE, it crumbles to dust.
The scroll dissolves into smoke.
It was a scroll of fog.
The orc warrior hits you with a scimitar!
You die...

##...............
#................
##................
#.................
#.................
##............^....
#..................
####§§§.....<.........
#...§@o...............
##.§§§§...............
##.§..o..............
#...o...............
#?...................
#........o............
...........<...........
...........§........
#..................


You could see an orc warrior, an orc priest and 2 orc wizards.

Vanquished Creatures
  A centaur (D:5)
  A scorpion (D:5)
  A howler monkey (D:4)
  A crimson imp (D:5)
  An orc priest (D:4)
  A bullfrog skeleton (D:4)
  2 orc wizards (D:5)
  An iguana (D:5)
  2 worker ants
  A hound skeleton (D:5)
  A worker ant zombie (D:5)
  6 adders
  4 gnolls (D:3)
  An ooze (D:2)
  An adder skeleton (D:4)
  3 worms
  A dart slug (D:1)
  5 leopard geckos
  12 orcs
  4 giant cockroaches
  4 goblins
  5 hobgoblins
  26 jackals
  5 kobolds
  A quokka (D:3)
  4 ball pythons
  3 bats
  15 frilled lizards
  9 rats
122 creatures vanquished.

Notes
Turn   | Place    | Note
-------+----------+-------------------------------------------
     0 | D:1      | protoss039 the Minotaur Fighter began the quest for the Orb.
     0 | D:1      | Reached XP level 1. HP: 19/19 MP: 0/0
    86 | D:1      | Reached XP level 2. HP: 26/27 MP: 1/1
   597 | D:2      | Reached skill level 3 in Axes
   597 | D:2      | Reached XP level 3. HP: 28/33 MP: 2/2
  1628 | D:2      | Reached XP level 4. HP: 40/40 MP: 3/3
  1794 | D:3      | Reached skill level 4 in Axes
  1802 | D:3      | Reached XP level 5. HP: 29/47 MP: 4/4
  2490 | D:4      | Reached skill level 5 in Fighting
  2551 | D:4      | Reached skill level 5 in Armour
  2593 | D:4      | Reached XP level 6. HP: 41/56 MP: 5/5
  2626 | D:4      | Reached skill level 5 in Axes
  3108 | D:5      | Entered Level 5 of the Dungeon
  3115 | D:5      | Reached skill level 5 in Shields
  3224 | D:5      | Got a wavering tin ring
  3383 | D:5      | Reached XP level 7. HP: 54/61 MP: 6/6
  3401 | D:5      | Found Bifiyghugu's General Store.
  3422 | D:5      | Bought a scroll of identify for 24 gold pieces
  3422 | D:5      | Bought a scroll of identify for 24 gold pieces
  3447 | D:5      | Identified the ring "Olaokhoa" {rPois rC+ SInv} (You found it on level 5 of the Dungeon)
  3454 | D:5      | Reached skill level 6 in Axes
  3834 | D:6      | Slain by an orc warrior

Skill      XL: |  1  2  3  4  5  6  7 |
---------------+----------------------+-----
Fighting       | 4 5 |  5.9
Axes           | 3 4 5 6 |  6.1
Armour         | 4 5 |  5.7
Shields        | 4 5 |  5.4

Action                   |  1- 3 |  4- 6 |  7- 9 || total
-------------------------+-------+-------+-------++-------
Melee: War axe           |   101 |   164 |    31 ||   296
       Headbutt          |     6 |    17 |     9 ||    32
  Use: Scroll            |     1 |     1 |     3 ||     5
  Eat: Chunk             |     2 |     6 |     2 ||    10
Armor: Scale mail        |    50 |    69 |    10 ||   129
Dodge: Dodged            |    26 |    57 |     3 ||    86
Block: Shield            |    52 |   100 |    13 ||   165
